 Dungeon Crawl Stone Soup version 0.29.1-13-g9f3cf754e1 (webtiles) character file.

Game seed: 13480543128766541044

1918 iambehindu the Cleaver (level 8, 0/64 HPs)
             Began as a Minotaur Berserker on Jan 29, 2023.
             Was an Elder of Trog.
             Succumbed to a killer bee's poison
             ... on level 7 of the Dungeon.
             The game lasted 00:47:23 (12999 turns).

iambehindu the Cleaver (Minotaur Berserker)        Turns: 12999, Time: 00:47:24

Health: 0/64       AC: 12    Str: 23    XL:     8   Next: 95%
Magic:  7/7        EV: 10    Int: 10    God:    Trog [****..]
Gold:   362        SH:  0    Dex: 11    Spells: 7/7 levels left

rFire   + . .      SeeInvis .   I - +4 war axe
rCold   . . .      Faith    .   (no shield)
rNeg    . . .      Spirit   .   z - +0 scale mail {rF+}
rPois   .          Reflect  .   (helmet restricted)
rElec   .          Harm     .   (no cloak)
rCorr   .          Rampage  .   (no gloves)
Will    .....                   (no boots)
Stlth   ..........              (no amulet)
HPRegen 0.20/turn               H - +6 ring of intelligence
MPRegen 0.10/turn               l - +4 ring of protection

@: lethally poisoned (0 -> -15)
A: horns 2, retaliatory headbutt
a: Renounce Religion, Berserk, Trog's Hand, Brothers in Arms


You were on level 7 of the Dungeon.
You worshipped Trog.
Trog was greatly pleased with you.
You visited 1 branch of the dungeon, and saw 7 of its levels.

You collected 362 gold pieces.

Inventory:

Hand Weapons
 a - a +0 hand axe
 n - a +1 morningstar of protection
 w - a +0 war axe
 I - a +4 war axe (weapon)
Missiles
 y - a throwing net (quivered)
Armour
 b - a +0 animal skin
 k - a +0 ring mail
 o - a +0 leather armour
 q - a +0 scale mail
 s - a scarf of invisibility
 z - a +0 scale mail of fire resistance (worn)
Jewellery
 j - a ring of willpower
 l - a +4 ring of protection (right hand)
 H - a +6 ring of intelligence (left hand)
Wands
 r - a wand of polymorph (5)
 u - a wand of light (7)
 B - a wand of flame (21)
 F - a wand of charming (10)
Scrolls
 c - 4 scrolls of identify {unknown}
 e - a scroll of acquirement {unknown}
 f - 2 scrolls of amnesia {unknown}
 g - 5 scrolls of poison {unknown}
 h - 2 scrolls of brand weapon {unknown}
 i - 4 scrolls of enchant weapon {unknown}
 t - 3 scrolls of teleportation {unknown}
 A - a scroll of enchant armour {unknown}
 D - a scroll of immolation {unknown}
 E - a scroll of vulnerability {unknown}
 G - a scroll of magic mapping {unknown}
Potions
 d - 3 potions of attraction {unknown}
 m - 2 potions of brilliance {unknown}
 p - 2 potions of mutation {unknown}
 v - 2 potions of flight {unknown}
 x - 3 potions of lignification {unknown}
 C - a potion of degeneration {unknown}


   Skills:
 - Level 3.6 Fighting
 + Level 11.7 Axes
 + Level 8.0 Armour
 - Level 2.1 Dodging
 - Level 1.4 Stealth
 + Level 1.0 Evocations


You had 7 spell levels left.
You didn't know any spells.
Your spell library was empty.

Dungeon Overview and Level Annotations

Branches:
Dungeon (7/15)             Temple (0/1) D:4

Altars:
Ashenzari
Cheibriados
Dithmenos
Elyvilon
Gozag
Nemelex Xobeh
Sif Muna
Vehumet
Wu Jian
Xom
Yredelemnul
The Shining One


Innate Abilities, Weirdness & Mutations

You have a pair of horns on your head.
You reflexively headbutt those who attack you in melee.


Message History

The killer bee is severely wounded.
You hit the killer bee.
You feel sick.
The killer bee stings you but does no damage.
The killer bee barely misses you.
You hit the killer bee.
The killer bee is almost dead.
You miss the killer bee.
You feel sick. The killer bee barely misses you.
You closely miss the killer bee. Your headbutt misses the killer bee.
The killer bee is severely wounded.
You closely miss the killer bee.
You feel sick.
The killer bee stings you but does no damage.
The killer bee closely misses you. x2
The killer bee stings you but does no damage.
You miss the killer bee. Your headbutt misses the killer bee.
The killer bee is severely wounded.
You hit the killer bee.
You feel sick. The killer bee closely misses you. You furiously retaliate!
You headbutt the killer bee, but do no damage.
The killer bee stings you.
* * * LOW HITPOINT WARNING * * *
You are more poisoned.
The killer bee poisons you!
The killer bee stings you but does no damage.
The killer bee stings you.
* * * LOW HITPOINT WARNING * * *
You are more poisoned.
The killer bee poisons you!
You miss the killer bee. Your headbutt misses the killer bee.
Your punch misses the killer bee.
The killer bee is severely wounded.
You miss the killer bee.
* * * LOW HITPOINT WARNING * * *
You feel very sick. The killer bee barely misses you. You furiously retaliate!
You headbutt the killer bee!
You kill the killer bee!
Trog accepts your kill. The killer bee closely misses you.
The killer bee stings you but does no damage.
You die...

# #. ###.#######
..........#
.........# .........#
# .........########.#
.........#.yyy)...#
.........#@##y....#
............#.....#
########.#..#.y...'..
#.#..#..y..#...
#.#..####..# ..
#...........# #
#.#...........
#.#...... ..##
#.#.#.### .#


You could see 3 killer bees.

Vanquished Creatures
  A black bear (D:4)
  An ogre (D:4)
  A centaur (D:5)
  A phantom (D:7)
  Blork the orc (D:4)
  A necrophage (D:6)
  3 scorpions
  A bullfrog (D:6)
  A gnoll sergeant (D:7)
  5 wights
  A killer bee (D:7)
  3 howler monkeys
  2 hounds (D:5)
  A gnoll bouda (D:6)
  3 jellies
  2 iguanas
  Ijyb (D:3)
  2 orc wizards
  Robin (D:2)
  19 gnolls
  9 adders
  A shadow imp (D:5)
  4 white imps
  An ufetubus (D:4)
  2 worms
  2 dart slugs
  17 orcs
  4 ball pythons
  2 bats
  5 endoplasms
  7 giant cockroaches
  11 goblins
  7 hobgoblins
  8 jackals
  4 quokkas
  3 frilled lizards
  8 kobolds
  8 rats
  A bush (D:4)
155 creatures vanquished.

Vanquished Creatures (others)
  A butterfly (D:4)
  7 fungi (D:2)
  3 plants (D:2)
11 creatures vanquished.

Grand Total: 166 creatures vanquished

Notes
Turn   | Place    | Note
-------+----------+-------------------------------------------
     0 | D:1      | iambehindu the Minotaur Berserker began the quest for the
                  | Orb.
     0 | D:1      | Reached XP level 1. HP: 19/19 MP: 0/0
   185 | D:1      | Reached skill level 4 in Axes
   957 | D:1      | Reached XP level 2. HP: 25/26 MP: 1/1
  2132 | D:2      | Found a broken altar of Ashenzari.
  2162 | D:2      | Reached skill level 5 in Axes
  2162 | D:2      | Reached XP level 3. HP: 25/31 MP: 2/2
  2372 | D:2      | Noticed Robin
  2375 | D:2      | Reached ** piety under Trog
  2384 | D:2      | Killed Robin
  3246 | D:2      | Reached skill level 1 in Stealth
  3501 | D:2      | Reached XP level 4. HP: 39/39 MP: 3/3
  3671 | D:2      | You fall into a shaft and drop 1 floor!
  3962 | D:2      | Reached skill level 6 in Axes
  4396 | D:2      | Found a faded altar of an unknown god.
  4800 | D:3      | Found a shadowy altar of Dithmenos.
  5223 | D:3      | Noticed Ijyb
  5234 | D:3      | Killed Ijyb
  5235 | D:3      | Reached XP level 5. HP: 45/45 MP: 4/4
  5237 | D:3      | Reached skill level 7 in Axes
  6076 | D:4      | Noticed an ogre
  6386 | D:4      | Reached XP level 6. HP: 42/51 MP: 5/5
  6565 | D:4      | Found a glowing drain.
  6569 | D:4      | Reached *** piety under Trog
  6732 | D:4      | Found a white marble altar of Elyvilon.
  6744 | D:4      | Reached skill level 8 in Axes
  7195 | D:4      | Found a staircase to the Ecumenical Temple.
  7521 | D:4      | Reached skill level 9 in Axes
  7521 | D:4      | Reached XP level 7. HP: 47/57 MP: 6/6
  8081 | D:4      | Noticed Blork the orc
  8084 | D:4      | Killed Blork the orc
  8312 | D:5      | Entered Level 5 of the Dungeon
  9243 | D:5      | Found a glowing golden altar of the Shining One.
  9402 | D:5      | Reached skill level 10 in Axes
  9436 | D:5      | Reached skill level 5 in Armour
 10036 | D:6      | Reached XP level 8. HP: 64/64 MP: 7/7
 10973 | D:6      | Reached skill level 11 in Axes
 11479 | D:6      | Found an opulent altar of Gozag.
 11479 | D:6      | Found a broken altar of Ashenzari.
 11479 | D:6      | Found a radiant altar of Vehumet.
 11495 | D:6      | Found a basalt altar of Yredelemnul.
 11499 | D:6      | Found a shimmering blue altar of Sif Muna.
 11502 | D:6      | Found an ornate altar of the Wu Jian Council.
 11507 | D:6      | Found a snail-covered altar of Cheibriados.
 11509 | D:6      | Found a shimmering altar of Xom.
 11548 | D:6      | Found a sparkling altar of Nemelex Xobeh.
 11548 | D:6      | Found a transporter.
 11548 | D:6      | Noticed a kobold demonologist
 12880 | D:7      | Reached **** piety under Trog
 12925 | D:7      | Reached skill level 1 in Evocations
 12998 | D:7      | HP: 2/64 [poisoned by a killer bee]
 12999 | D:7      | Succumbed to a killer bee's poison

Illustrated notes

Levels and vault maps discovered:
D:1:      minmay_arrival_doors, layout_basic
D:2:      layout_loops_ring, basic_altar,
          dreamdust_ecumenical_altar_hidden_monk_grotto, minivault_19,
          nicolae_kite_square_tiling_tiny, minmay_bisected, uniq_robin
D:3:      layout_rooms, nicolae_dithmenos_through_a_glass_darkly,
          kennysheep_generic_room_6, uniq_ijyb
D:4:      layout_basic, nicolae_elyvilon_peaceful_grove, temple_statues,
          portal_sewer_entry_b, uniq_blork_the_orc
D:5:      minmay_spotlight, layout_loops_ring, mainiacjoe_overflow_catwalk
D:6:      layout_basic, nicolae_overflow_hallway_of_the_gods,
          grunt_nemelex_the_gamble, minmay_fountain_box
D:7:      layout_basic, serial_shops, nicolae_shop_waterfront,
          nicolae_water_bricks, grunt_ministairs_6

Skill      XL: |  1  2  3  4  5  6  7  8 |
---------------+-------------------------+-----
Axes           | 4 5 6 7 9 10 11 | 11.7
Stealth        | 1 |  1.4
Armour         | 3 5 8 |  8.0
Evocations     | 1 |  1.0
Fighting       | |  3.6
Dodging        | |  2.1

Action                   |  1- 3 |  4- 6 |  7- 9 || total
-------------------------+-------+-------+-------++-------
Melee: Hand axe          |    67 |   250 |     7 ||   324
       Headbutt          |    10 |    64 |    28 ||   102
       Punch             |       |     3 |     1 ||     4
       War axe           |       |       |   154 ||   154
Invok: Berserk           |     1 |     1 |     3 ||     5
Evoke: Wand              |       |       |     7 ||     7
Armor: Animal skin       |     5 |     1 |       ||     6
       Ring mail         |       |    42 |       ||    42
       Scale mail        |       |    33 |    67 ||   100
Dodge: Dodged            |    30 |    89 |    94 ||   213
